 Seeded DCSS version 0.29.1-15-g9cfb28693d (webtiles) character file.

Game seed: 8055419596944682667 (custom seed)

711 Twinkles the Conjurer (level 7, -1/36 HPs)
             Began as a Vine Stalker Conjurer on June 3, 2023.
             Was an Elder of Jiyva.
             Engulfed by a steam dragon's steam (4 damage)
             ... on level 5 of the Dungeon.
             The game lasted 00:07:01 (2834 turns).

Twinkles the Conjurer (Vine Stalker Conjurer)       Turns: 2834, Time: 00:07:02

Health: -1/36      AC:  5    Str: 10    XL:     7   Next: 68%
Magic:  0/19       EV: 13    Int: 20    God:    Jiyva [****..]
Gold:   100        SH:  0    Dex: 12    Spells: 12/15 levels left

rFire   . . .      SeeInvis .   o - +0 dagger
rCold   . . .      Faith    .   (no shield)
rNeg    . . .      Spirit   +   a - +0 robe
rPois   .          Reflect  .   (no helmet)
rElec   .          Harm     .   (no cloak)
rCorr   +          Rampage  .   f - +1 pair of gloves
Will    .....                   (no boots)
Stlth   ++........              j - amulet of Vitality {RegenMP++ Regen++}
HPRegen 3.80/turn               (no ring)
MPRegen 1.36/turn               (no ring)

@: no status effects
A: fangs 2, regeneration 1, magic shield, antimagic bite, no potion heal 2, high
MP 3, gelatinous body 1
a: Renounce Religion, Oozemancy, Slimify


You were on level 5 of the Dungeon.
You worshipped Jiyva.
Jiyva was greatly pleased with you.
You visited 1 branch of the dungeon, and saw 5 of its levels.

You collected 100 gold pieces.

Inventory:

Hand Weapons
 o - a +0 dagger (weapon)
Missiles
 m - 5 javelins
 r - 2 poisoned darts
Armour
 a - a +0 robe (worn)
 f - a +1 pair of gloves (worn)
Jewellery
 j - the amulet of Vitality (around neck) {RegenMP++ Regen++}
   (You found it on level 2 of the Dungeon)

   [amulet of magic regeneration]

   It increases your rate of magic regeneration.
   Regen:     It increases your rate of health regeneration.
 w - a +6 ring of intelligence
Wands
 s - a wand of paralysis (9)
Scrolls
 e - a scroll of noise {unknown}
 h - a scroll of teleportation {unknown}
 i - a scroll of amnesia {unknown}
 k - a scroll of enchant armour {unknown}
 l - 2 scrolls of identify {unknown}
 n - a scroll of poison {unknown}
 v - a scroll of fog {unknown}
Potions
 b - a potion of magic
 c - a potion of degeneration {unknown}
 d - 2 potions of curing {unknown}
 g - a potion of lignification {unknown}
 p - a potion of invisibility {unknown}
 q - a potion of haste {unknown}
 t - a potion of flight {unknown}
 u - a potion of brilliance {unknown}


   Skills:
 + Level 3.3 Fighting
 - Level 1.8 Dodging
 - Level 2.8 Stealth
 + Level 4.6 Spellcasting
 + Level 5.7 Conjurations
 + Level 3.5 Hexes


You had 12 spell levels left.
You knew the following spells:

 Your Spells              Type           Power      Damage    Failure   Level
a - Magic Dart            Conj           100%       1d8       1%          1
b - Searing Ray           Conj           54%        2d6       1%          2

Your spell library contained the following spells:

 Spells                   Type           Power      Damage    Failure   Level
 Dazzling Flash           Conj/Hex       46%        N/A       5%          3
 Ensorcelled Hibernation  Hex/Ice        22%        N/A       9%          2
 Passwall                 Tmut/Erth      3%         N/A       19%         2
 Fulminant Prism          Conj/Hex       11%        3d9       19%         4
 Swiftness                Air            4%         N/A       36%         3
 Iskenderun's Mystic Bla  Conj/Tloc      16%        2d5       36%         4


Dungeon Overview and Level Annotations

Branches:
Dungeon (5/15)
 Temple: D:4-7

Altars:
Cheibriados
Elyvilon
Okawaru
Yredelemnul
Jiyva

Annotations:
D:3 1 runed translucent door
D:4 1 runed translucent door, Crazy Yiuf


Innate Abilities, Weirdness & Mutations

You have extremely sharp teeth.
Your natural rate of healing is unusually fast.
When hurt, damage is shared between your health and your magic reserves.
Your bite disrupts and absorbs the magic of your enemies.
Potions cannot restore your health.
You have a greatly increased reservoir of magic. (+30% MP)
Your rubbery body absorbs attacks. (AC +1, EV +1)


Message History

The steam dragon is moderately wounded. (Press . to maintain the ray.)
The searing ray misses the steam dragon.
The steam dragon breathes steam at you. The ball of steam hits you!!
The searing ray hits the steam dragon.
The steam dragon is moderately wounded.
You are engulfed in a cloud of scalding steam.
The steam dragon barely misses you.
The steam dragon claws you but does no damage.
Jiyva gurgles merrily.
The searing ray hits the steam dragon!
The steam dragon is severely wounded.
The searing ray hits the adder.
The adder is moderately wounded.
You finish channelling your searing ray.
You are engulfed in a cloud of scalding steam.
* * * LOW HITPOINT WARNING * * *
The steam dragon barely misses you.
The steam dragon claws you but does no damage.
Your magical contamination has completely faded away.
Casting: Searing Ray (safe; 1% risk of failure)
Confirm with . or Enter, or press ? or * to list all spells.
Aiming: Searing Ray (safe; 1% risk of failure)
Press: ? - help, Shift-Dir - straight line, f/p - steam dragon
Aim: a steam dragon (severely wounded, catching its breath, 79% to hit)
The searing ray misses the steam dragon.
The searing ray hits the adder!
You kill the adder! (Press . to maintain the ray.)
You are engulfed in a cloud of scalding steam.
* * * LOW HITPOINT WARNING * * *
The steam dragon bites you.
* * * LOW HITPOINT WARNING * * *
The steam dragon claws you.
* * * LOW HITPOINT WARNING * * *
The searing ray hits the steam dragon!
The steam dragon is almost dead.
You are engulfed in a cloud of scalding steam.
You die...

### #§# #†#
#@# #D###
#...#
#........S..
#.##...###.>
# ##.## ..
~.. ...


You could see a steam dragon.

Vanquished Creatures
  A wyvern (D:4)
  An ogre (D:4)
  A phantom (D:4)
  A water moccasin zombie (D:4)
  4 killer bees (D:4)
  The ghost of SallyLai the Sneak, a weakling DrEn (D:3)
  An iguana (D:5)
  2 hound zombies (D:4)
  2 howler monkey zombies (D:4)
  2 adders
  A worm (D:3)
  7 orcs
  3 ball pythons
  3 giant cockroaches
  6 hobgoblins
  2 jackals
  3 kobolds
  3 quokkas
  2 bats
  3 goblins
  4 rats (D:1)
53 creatures vanquished.

Vanquished Creatures (others)
  A jelly (D:4)
  An orc wizard (D:3)
  2 adders (D:3)
  4 orcs
  3 endoplasms
  2 giant cockroaches
  A goblin (D:4)
  A hobgoblin (D:2)
  A jackal (D:2)
  A kobold (D:1)
  2 rats
  2 fungi (D:4)
  21 plants (D:1)
42 creatures vanquished.

Grand Total: 95 creatures vanquished

Notes
Turn   | Place    | Note
-------+----------+-------------------------------------------
     0 | D:1      | Twinkles the Vine Stalker Conjurer began the quest for the
                  | Orb.
     0 | D:1      | Reached XP level 1. HP: 9/9 MP: 4/4
    51 | D:1      | Found a faded altar of an unknown god.
    61 | D:1      | Prayed at the altar of an unknown god.
    61 | D:1      | Became a worshipper of Jiyva Jovag the Shapeless
    61 | D:1      | Reached * piety under Jiyva
   260 | D:1      | Reached XP level 2. HP: 13/13 MP: 3/6
   627 | D:1      | Reached ** piety under Jiyva
   767 | D:1      | Learned a level 2 spell: Searing Ray
   811 | D:2      | Found the amulet of Vitality {RegenMP++ Regen++}
  1024 | D:2      | Found an iron altar of Okawaru.
  1147 | D:2      | Reached *** piety under Jiyva
  1157 | D:2      | Gained mutation: You have an increased reservoir of magic.
                  | (+10% MP) [Jiyva's grace]
  1157 | D:2      | Gained mutation: You have a considerably increased
                  | reservoir of magic. (+20% MP) [Jiyva's grace]
  1157 | D:2      | Gained mutation: You have a greatly increased reservoir of
                  | magic. (+30% MP) [Jiyva's grace]
  1157 | D:2      | Gained mutation: Your rubbery body absorbs attacks. (AC +1,
                  | EV +1) [Jiyva's grace]
  1457 | D:2      | Reached XP level 3. HP: 17/17 MP: 8/10
  1557 | D:3      | Found a runed translucent door.
  1559 | D:3      | Noticed SallyLai's ghost (weakling DrEn)
  1578 | D:3      | Found a white marble altar of Elyvilon.
  1604 | D:3      | Reached skill level 1 in Fighting
  1673 | D:3      | Reached skill level 1 in Hexes
  1673 | D:3      | Gained mutation: Your natural rate of healing is unusually
                  | fast. [Vine Stalker growth]
  1673 | D:3      | Reached XP level 4. HP: 22/22 MP: 11/11
  1682 | D:3      | Found a runed translucent door.
  1856 | D:3      | Killed SallyLai's ghost
  1896 | D:4      | Reached **** piety under Jiyva
  1970 | D:4      | Noticed a wyvern
  1982 | D:4      | Killed a wyvern
  1983 | D:4      | Reached XP level 5. HP: 15/26 MP: 4/14
  1983 | D:4      | Reached XP level 6. HP: 17/30 MP: 4/15
  2032 | D:4      | Reached skill level 5 in Conjurations
  2039 | D:4      | Found a basalt altar of Yredelemnul.
  2093 | D:4      | Reached XP level 7. HP: 35/35 MP: 14/18
  2575 | D:4      | Found a snail-covered altar of Cheibriados.
  2769 | D:4      | Found a runed translucent door.
  2772 | D:4      | Noticed Crazy Yiuf
  2813 | D:5      | Entered Level 5 of the Dungeon
  2825 | D:5      | Noticed a steam dragon
  2834 | D:5      | Engulfed by a steam dragon's steam

Illustrated notes

Levels and vault maps discovered:
D:1:      wheals_arrival_linesprint, layout_rooms,
          hellmonk_ecumenical_altar_lost_god, serial_bayou_lagoon_a
D:2:      layout_basic, basic_altar
D:3:      layout_rooms, lemuel_doored_altar, ebering_ghost_sewer_f
D:4:      layout_loops_ring, nicolae_yredelemnul_corpse_copse,
          lemuel_coloured_pillars_altar, minivault_11, st_stairs_3,
          uniq_crazy_yiuf_cottage
D:5:      layout_loops_ring, serial_rivers, chequers_serial_rivers_room_b,
          chequers_serial_rivers_micro_c, chequers_serial_rivers_micro_a,
          chequers_serial_rivers_micro_c, gammafunk_ghost_smash,
          kennysheep_pointless_box, abandoned_shop, uniq_sigmund

Skill      XL: |  1  2  3  4  5  6  7 |
---------------+----------------------+-----
Fighting       | 1 2 3 |  3.3
Hexes          | 1 2 3 |  3.5
Spellcasting   | 3 4 |  4.6
Conjurations   | 5 |  5.7
Dodging        | |  1.8
Stealth        | |  2.8

Action                   |  1- 3 |  4- 6 |  7- 9 || total
-------------------------+-------+-------+-------++-------
Melee: Dagger            |    13 |     5 |     9 ||    27
       Bite              |     2 |     1 |     6 ||     9
       Punch             |       |       |     1 ||     1
 Cast: Magic Dart        |    70 |    26 |       ||    96
       Searing Ray       |     5 |    12 |     6 ||    23
Armor: Robe              |    14 |     5 |     3 ||    22
Dodge: Dodged            |    33 |    22 |     8 ||    63
